 Dungeon Crawl Stone Soup version 0.20.0-15-g7f486f2 (webtiles) character file.

21 polve the Skirmisher (level 2, 0/16 HPs)
             Began as a Vine Stalker Fighter on June 30, 2017.
             Slain by Terence
             ... wielding a +0 flail
              (5 damage)
             ... on level 2 of the Dungeon.
             The game lasted 00:00:59 (949 turns).

polve the Skirmisher (Vine Stalker Fighter)          Turns: 949, Time: 00:01:00

Health: 0/16       AC:  6    Str: 18    XL:     2   Next: 83%
Magic:  0/3        EV:  9    Int:  8    God:
Gold:   93         SH:  9    Dex: 13    Spells: 1/1 levels left

rFire    . . .     SeeInvis .   g - +1 dagger (speed)
rCold    . . .     Gourm    .   c - +0 shield
rNeg     . . .     Faith    .   b - +0 scale mail
rPois    .         Spirit   +   (no helmet)
rElec    .         Reflect  .   (no cloak)
rCorr    .         Harm     .   (no gloves)
MR       .....                  (no boots)
Stlth    ..........             (no amulet)
Regen    0.1/turn               p - +2 ring of evasion
MPRegen  0.1/turn               (no ring)

@: no status effects
A: fangs 2, magic shield, antimagic bite, no potion heal 3, rot immunity
a: no special abilities


You were on level 2 of the Dungeon.
You were not hungry.

You visited 1 branch of the dungeon, and saw 2 of its levels.

You collected 93 gold pieces.

Inventory:

Hand Weapons
 a - a +0 long sword
 g - a +1 dagger of speed (weapon)
Armour
 b - a +0 scale mail (worn)
 c - a +0 shield (worn)
Jewellery
 p - a +2 ring of evasion (left hand)
Scrolls
 e - a scroll of remove curse {unknown}
 i - 2 scrolls of identify {unknown}
 j - a scroll of blinking {unknown}
 k - 2 scrolls of teleportation {unknown}
 l - a scroll of immolation {unknown}
Potions
 d - a potion of might
 h - 3 potions of curing
 m - 2 potions of mutation {unknown}
Comestibles
 f - 2 bread rations
 n - a meat ration
 o - 7 chunks of flesh


   Skills:
 + Level 3.3 Fighting
 + Level 2.2 Long Blades
 - Level 2.4 Armour
 - Level 2.6 Shields


You had one spell level left.
You didn't know any spells.

Dungeon Overview and Level Annotations

Branches:
Dungeon (2/15)

Altars:
Elyvilon

Annotations:
D:2 Terence


Innate Abilities, Weirdness & Mutations

You have extremely sharp teeth.
When hurt, damage is shared between your health and your magic reserves.
Your bite disrupts and absorbs the magic of your enemies.
Potions cannot restore your health.
You are immune to rotting.


Message History

Terence is moderately wounded.
You closely miss Terence. You bite Terence, but do no damage.
Terence is moderately wounded.
Terence hits you but does no damage.
You barely miss Terence. Your bite misses Terence.
Terence is moderately wounded.
You hit Terence. You bite Terence, but do no damage.
Terence is heavily wounded.
Terence hits you with a flail.
* * * LOW HITPOINT WARNING * * *
You hit Terence.
Terence is severely wounded.
You hit Terence but do no damage. Your bite misses Terence.
Terence is severely wounded.
Terence hits you but does no damage.
You hit Terence. You bite Terence. You drain his power.
You feel invigorated.
Terence is severely wounded.
Terence says, "Did you write a will?
You should..."
Terence hits you with a flail!
You die...

#.# #..#..#######
#.###...........#.#
...................
#.###.>...#####.#.# #.#
##.#.## #.#.# #.####.#.#
#.#.# #.#....#.# #.#.#
#.#.##.#.######.#.#.####
................@@....(.
#.####.#.######.#.#.#.##
#.####.#.# #.#.#
#.#(.....######.#.#
#...............#.#
#.#......######.#.#
#.#...............#
#.#.....#######.###.#
#.................#


You could see Terence.

Vanquished Creatures
  A dart slug (D:2)
  A leopard gecko (D:1)
  A giant cockroach (D:1)
  A goblin (D:1)
  A hobgoblin (D:2)
  A ball python (D:1)
  6 bats
  A frilled lizard (D:2)
  2 kobolds
  6 rats
21 creatures vanquished.

Notes
Turn   | Place    | Note
-------+----------+-------------------------------------------
     0 | D:1      | polve the Vine Stalker Fighter began the quest for the Orb.
     0 | D:1      | Reached XP level 1. HP: 11/11 MP: 2/2
   287 | D:1      | Reached skill level 3 in Fighting
   287 | D:1      | Reached XP level 2. HP: 16/16 MP: 3/3
   743 | D:2      | Found a white marble altar of Elyvilon.
   913 | D:2      | Noticed Terence
   949 | D:2      | Slain by Terence

Skill      XL: |  1 |
---------------+----+-----
Long Blades    | 2 |  2.2
Fighting       | 3 |  3.3
Armour         | |  2.4
Shields        | |  2.6

Action                   || total
-------------------------++-------
Melee: Long sword        ||    19
       Bite              ||    26
       Dagger            ||    61
Armor: Scale mail        ||    26
Dodge: Dodged            ||    21
Block: Shield            ||    26
       Rpst.: Long sword ||     4
